Cogmind - Beta 16 @@@ ROGUE MODE // 2025.11.04 @ 03:36:53 Player: KeKe Result: Destroyed by G-34 Mercenary with Small Laser Performance ------------- Evolutions (0) 0 Regions Visited (1) 200 Robots Destroyed (26) 130 Value Destroyed (651) 651 Prototype IDs (0) 0 Alien Tech Used (0) 0 Bonus (-178) -178 TOTAL SCORE: 803 Bonus ------- Friendly Fire -178 Cogmind --------- Core Integrity 0/250 Matter 199/300 Energy 98/100 System Corruption 0% Temperature Cool (6) Movement Rolling (105) Ox1 Location -10/Materials Parts ------- > --- POWER (1) -------- (None) > --- PROPULSION (2) --- Wheel Compact Wheel > --- UTILITY (2) ------ High-capacity Storage Unit Improved Terrain Scanner > --- WEAPON (2) ------- Assault Rifle Assault Rifle > --- INVENTORY (20) --- Ion Engine Compact Wheel Heat Sink Salvaging Laser Salvaging Laser Salvaging Laser Salvaging Laser Assault Rifle Grenade Launcher Hammer Peak State ------------ > --- POWER ------------ Light Ion Engine > --- PROPULSION ------- Wheel Compact Wheel > --- UTILITY ---------- High-capacity Storage Unit Improved Terrain Scanner > --- WEAPON ----------- Salvaging Laser Salvaging Laser > --- INVENTORY -------- Ion Engine Compact Wheel Compact Wheel Salvaging Laser Salvaging Laser Assault Rifle Assault Rifle Assault Rifle Assault Rifle Grenade Launcher [Rating: 10] Favorites ----------- Power Light Ion Engine Engine Light Ion Engine Propulsion Compact Wheel Leg Aluminum Leg Wheel Compact Wheel Utility Improved Terrain Scanner Device Improved Terrain Scanner Storage High-capacity Storage Unit Weapon Assault Rifle Energy Gun Salvaging Laser Ballistic Gun Assault Rifle Launcher Grenade Launcher Build | -11 -10 ------- Run | Yrd Mat Slots Evolved . | . . Power . | . . Propulsion . | . . Utility . | . . Weapon . | . . Parts Attached 16 | 5 11 Power . | . . Engine . | . . Core . | . . Reactor . | . . Propulsion 4 | 2 2 Treads . | . . Leg . | . . Wheel 4 | 2 2 Hover . | . . Flight . | . . Utility 3 | 1 2 Device 1 | 1 . Storage 2 | . 2 Processor . | . . Hackware . | . . Protection . | . . Artifact . | . . Weapon 9 | 2 7 Energy Gun 3 | 1 2 Energy Cannon . | . . Ballistic Gun 5 | 1 4 Ballistic Cannon . | . . Launcher 1 | . 1 Special Weapon . | . . Impact Weapon . | . . Slashing Weapon . | . . Piercing Weapon . | . . Special Melee Weapon . | . . Unidentified Prototypes . | . . Parts Lost 3 | . 3 Power 1 | . 1 Propulsion 1 | . 1 Utility . | . . Weapon 1 | . 1 Highest Loss Streak 1 | . 1 To Critical Strikes . | . . Average Backups 7 | 2 7 Power 1 | 1 1 Propulsion 1 | 1 1 Utility . | . . Weapon 4 | . 4 Tool/Special . | . . Unused Backups 7 | . 7 Power . | . . Propulsion . | . . Utility 3 | . 3 Weapon 4 | . 4 Tool/Special . | . . Average Slot Usage (%) 92 | . 92 Engine 7 | . 7 Wheel 28 | . 28 Device 14 | . 14 Storage 14 | . 14 Energy Gun 8 | . 8 Ballistic Gun 18 | . 18 Peak Build Rating 10 | 9 10 Average Rating 8 | 6 9 On Entrance 7 | 6 9 Avg Prop Armor Cover (%) . | . . Naked Turns . | . . Heaviest Build 46 | 12 46 Greatest Support 32 | 32 32 Greatest Overweight (x) 1 | . 1 Average Overweight (x) . | . . Largest Inventory Capacity 20 | 8 20 Average Capacity 15 | 8 15 Most Carried 11 | 6 11 Average Carried 7 | 1 7 Final Capacity 20 | 8 20 Final Carried 10 | 2 10 Class Distribution -------------------- 77% | Mutant 22% | Scavenger-Mutant Dominant Class ---------------- Mutant | -10/Materials Resources | -11 -10 ----------- Run | Yrd Mat Matter Collected 666 | 259 407 Remotely . | . . Salvage Created 1096 | 110 986 Parts 54 | 3 51 Haulers Intercepted . | . . Recyclers Shooed 4 | . 4 Parts Field Recycled . | . . Retrieved Matter . | . . Parts Self-Destructed . | . . Prevented . | . . Parts Restored . | . . Kills | -11 -10 ------- Run | Yrd Mat Combat Hostiles Destroyed 17 | . 17 Guns 14 | . 14 AOE 3 | . 3 Classes Destroyed 6 | 2 4 Worker 1 | . 1 Tunneler 2 | 1 1 Recycler 4 | 1 3 Operator 1 | . 1 Grunt 13 | . 13 Federalist 5 | . 5 Best Kill Streak 6 | 2 6 Combat Bots Only 5 | . 5 Max Kills in Single Turn 2 | 1 2 Gunslinging . | . . Exploded 2 | . 2 Melee . | . . Uniques/NPCs Destroyed . | . . Combat | -11 -10 -------- Run | Yrd Mat Hostile Shots Fired 107 | . 107 Missed 24 | . 24 Hits 83 | . 83 Projectile 83 | . 83 Damage Taken 880 | . 880 Core 260 | . 260 Absorbed by Shields . | . . Regen/Repaired (Parts) 25 | . 25 Core Remaining (%) 100 | 100 . Volleys Fired 85 | 3 82 Largest 2 | 2 2 Hottest 60 | 60 60 Shots Fired 170 | 6 164 Gun 167 | 6 161 Cannon . | . . Launcher 3 | . 3 Special . | . . Kinetic 124 | 3 121 Thermal 43 | 3 40 Explosive 3 | . 3 Electromagnetic . | . . Robot Hit Streak 14 | 2 14 Robot Miss Streak 4 | 1 4 Penetration Max . | . . Secondary Targets 1 | . 1 Max Gunslinging Chain 1 | . 1 Shots Hit Robots 116 | 3 113 Core Hits 47 | 2 45 Critical Kills . | . . Critical Parts Destroyed . | . . Critical Strikes . | . . Melee Attacks . | . . Impact . | . . Slashing . | . . Piercing . | . . Sneak Attacks . | . . Combat Hostiles . | . . Follow-up Attacks . | . . Damage Inflicted 1495 | 37 1458 Guns 1319 | 37 1282 Cannons . | . . Explosions 176 | . 176 Melee . | . . Ramming . | . . Kinetic 1041 | 25 1016 Thermal 278 | 12 266 Explosive 176 | . 176 Electromagnetic . | . . Impact . | . . Slashing . | . . Piercing . | . . Highest Corruption . | . . Average Corruption . | . . Corruption Purged . | . . Corruption Blocked . | . . Overload Shots . | . . Overflow Damage . | . . Projectiles . | . . Explosions . | . . Melee . | . . Knockbacks . | . . Impact . | . . Kinetic . | . . Secondary . | . . Self-Inflicted Damage . | . . Shots . | . . Rammed . | . . Targets Rammed . | . . Kicked . | . . Crushed . | . . Highest Temperature 90 | 20 90 Average Temperature 35 | 20 37 Received Heat Transfer 528 | . 528 Siege Activations . | . . Martial Activations . | . . Shielding Activations . | . . Robots Disrupted . | . . Combat Hostiles . | . . Robots Corrupted . | . . Combat Hostiles . | . . Parts Fried . | . . Impact Corruptions . | . . Robots Melted . | . . Combat Hostiles . | . . Parts Melted . | . . Heat Transferred 675 | 25 650 Parts Sabotaged . | . . Parts Stolen . | . . Parts Stripped . | . . Power Chain Reactions . | . . Alert | -11 -10 ------- Run | Yrd Mat Maximum Alert Level 1 | . 1 Low Security (%) 99 | 100 99 Level 1 . | . . Level 2 . | . . Level 3 . | . . Level 4 . | . . Level 5 . | . . High Security . | . . Max Security . | . . Peak Influence 205 | 10 205 Initial . | . . Average 50 | 1 54 Influence Increases 406 | 10 396 Destroy 0b10 Robot/C 260 | . 260 Destroy 0b10 Robot/NC 40 | 10 30 Destroy Leader 60 | . 60 Select Force Hacks 30 | . 30 Destroy Structure 16 | . 16 Influence Decreases 201 | 10 191 Time Decay 171 | 10 161 Lost Part 30 | . 30 Squads Dispatched 5 | . 5 Investigation 3 | . 3 Extermination . | . . Reinforcement 2 | . 2 Assault . | . . Garrison . | . . Intercept . | . . Searches Triggered . | . . Construction Impeded . | . . Haulers Reinforced . | . . Active Scanning Responses . | . . Cargo Convoy Interrupts . | . . Stealth | -11 -10 --------- Run | Yrd Mat Distress Signals . | . . Communications Jammed . | . . Distress Signals . | . . Times Spotted 20 | . 20 Peak Tracking Total 5 | . 5 Tactical Retreats . | . . Traps | -11 -10 ------- Run | Yrd Mat Traps Triggered 1 | . 1 Indirectly . | . . Trap Hack Attempts . | . . Triggered . | . . Disarmed . | . . Reprogrammed . | . . Reused . | . . Traps Extracted . | . . Installed . | . . Triggered . | . . Machines | -11 -10 ---------- Run | Yrd Mat Machines Disabled . | . . Max in Single Turn . | . . Machines Repaired . | . . Machines Dismantled . | . . Machines Sabotaged . | . . Overloaded Fab Kills . | . . Hacking | -11 -10 --------- Run | Yrd Mat Machines Accessed 2 | . 2 Terminals . | . . Fabricators . | . . Repair Stations 1 | . 1 Recycling Units 1 | . 1 Scanalyzers . | . . Garrison Access . | . . Total Hacks 2 | . 2 Successful 2 | . 2 Failed . | . . Catastrophic . | . . Database Lockouts . | . . Manual 2 | . 2 Terminals . | . . Fabricators . | . . Repair Stations 1 | . 1 Recycling Units 1 | . 1 Scanalyzers . | . . Garrison Access . | . . Terminal Hacks . | . . Fabricator Hacks . | . . Repair Station Hacks . | . . Recycling Unit Hacks . | . . Scanalyzer . | . . Garrison Access Hacks . | . . Unauthorized Hacks 2 | . 2 Terminals . | . . Fabricators . | . . Repair Stations 1 | . 1 Patch 1 | . 1 Recycling Units 1 | . 1 Tunnel 1 | . 1 Scanalyzers . | . . Garrison Access . | . . Data Cores Recovered . | . . Used . | . . Hacking Detections . | . . Full Trace Events . | . . Feedback Events . | . . Feedback Blocked . | . . Robot Schematics Acquired . | . . Robots Built . | . . Authchips . | . . Time . | . . Total Robot Build Rating . | . . Part Schematics Acquired . | . . Parts Built . | . . Authchips . | . . Time . | . . Total Part Build Rating . | . . Part Studies Acquired . | . . Parts Repaired . | . . Time . | . . Parts Recycled . | . . Recycled Matter . | . . Retrieved Matter . | . . Retrieved Components . | . . Parts Scanalyzed . | . . Part Schematics Acquired . | . . Parts Damaged . | . . Bothacking | -11 -10 ------------ Run | Yrd Mat Used RIF Installer . | . . Robots Hacked . | . . Non-combat . | . . Combat . | . . Robot Hacks Applied . | . . Relay Couplers Released . | . . Fabnet Peak Effective % . | . . Robots Rewired . | . . Allies Hacked . | . . Hacks Repelled . | . . Allies | -11 -10 -------- Run | Yrd Mat Total Allies . | . . Largest Group . | . . Highest-Rated Group . | . . Highest-Rated Ally . | . . Total Orders . | . . Ally Attacks . | . . Total Damage . | . . Kills . | . . Allies Corrupted . | . . Allies Melted . | . . Intel | -11 -10 ------- Run | Yrd Mat Active Infowar (turns) 533 | 6 527 Terrain 533 | 6 527 Robot Analysis Total . | . . Derelict Logs Recovered . | . . Drone Launches . | . . Drone Recoveries . | . . Exploration | -11 -10 ------------- Run | Yrd Mat Turns Passed 561 | 34 527 Spaces Moved 221 | 15 206 Core . | . . Treads . | . . Legs . | . . Wheels 221 | 15 206 Hover . | . . Flight . | . . Fastest Speed 90 | 100 90 Average Speed 100 | 100 100 Slowest Speed 105 | 100 105 Overloaded Moves . | . . Propulsion Burnouts . | . . Robots Hopped . | . . Potential Cave-ins . | . . Cave-ins Triggered . | . . Exploration Rate (%) 17 | 2 33 Regions Visited 1 Branch Regions . Pre-discovered Areas 1 | . 1 Known Exits Taken . | . . Unknown Exits Taken 1 | 1 . Scrap Searched . | . . Spaces Dug . | . . Terrain Destroyed 25 | . 25 Melee . | . . Projectile . | . . AOE 25 | . 25 Terrain Rammed . | . . Walls Destroyed . | . . Machines Disabled . | . . Actions | -11 -10 --------- Run | Yrd Mat Total 399 | 30 369 Wait 52 | . 52 Move 220 | 14 206 Hop . | . . Pick Up 13 | 2 11 Fast Attach 2 | 1 1 Attach 7 | 4 3 Detach . | . . Swap 9 | . 9 Drop 11 | 6 5 Fire 85 | 3 82 Melee . | . . Ram . | . . Kick . | . . Crush . | . . Escape Stasis . | . . Rewire . | . . Trap . | . . Miscellaneous . | . . Route ------- -11/Scrapyard -10/Materials (discovered 2 exits: [*Mat] / [*Sub]) History --------- Turn | Location | Event 8 | -11/Scrapyard | Discovered new exit (range 3) 35 | -11/Scrapyard | Entered Materials 36 | -10/Materials | Met a group of wandering Federalists 52 | -10/Materials | Angered wandering Federalists 116 | -10/Materials | Discovered new exit (range 8) 218 | -10/Materials | Discovered new exit (range 14) 411 | -10/Materials | Core integrity fell below 50% 523 | -10/Materials | Core integrity fell below 20% 557 | -10/Materials | Build established: Mutant 562 | -10/Materials | Destroyed by G-34 Mercenary with Small Laser Last Messages --------------- 00441_ Acquired 12 matter. 00445_ R-06 Scavenger destroyed. 00451_ Acquired 68 matter. 00462_ T-07 Excavator is excavating. 00477_ T-07 Excavator destroyed. 00483_ Acquired 18 matter. 00496_ Acquired Hammer. 00514_ Assault Rifle destroyed. 00524_ G-34 Mercenary destroyed. 00524_ Switching to secondary target: G-47 Trooper. 00528_ K-01 Serf collects debris. 00536_ ALERT: Hostiles spotted, dispatching reinforcements to Terminal M005. 00537_ K-01 Serf collects debris. 00539_ G-47 Trooper destroyed. 00540_ K-01 Serf collects debris. 00553_ G-34 Mercenary destroyed. 00554_ K-01 Serf collects debris. 00559_ G-47 Trooper destroyed. 00560_ K-01 Serf collects debris. Map ----- +----------------------------------------------------+ | ???????????????????????????????????????? | | ???????????????????????????????????????? | | ???????????????????????????????????????? | | ???????????????????????????????????????? | | ???????????????????????????????????????? | | ???????????????????????????????????????? | | ???????????????????????????????????????? | | ???????????????????????????????????????? | | ???????????????????????????????????????? | | ???????????????????????????????????????? | | ???????????????????????????????????????? | | ??????????? ???????????????????????????? | | ???????? ??????????????????????????? | | ???????! ??????????????????????????? | | ???????? ?? ???????????????????????? | | ??????? ?#??#?????????????????????? | | ??#?????? ####???#### ???????????? | | ?????????#^ ???????????? | | ?????????# +??????????? | | ?????????# #??????????? | | ?????????# """" ]] #??????????? | | #??"?????# """" ] ##?????????? | | ?????????# """" k % ?????????? | | ????? ???+ *% =!! r ????????? | | ????? ???# !%* =% ????????? | | ???????????# @ [ #??????#???? | | ? ?????????# #######+######???????? | | ?#???####??# # #??????? | | ?????# !#### + #?????? | | ??????#% # """"" """"?????????? | | ?##???# # ###### ## """"" "??"? ???????? | | #?????### ##??## ## """"" """"???? ????? | | ????#???# ##???# ## #??????? | | ??#???###+####?# ##+#############????"?? | | ?#??#?# ###g #?# #??????? | | ??????# #?# #?#! #?? ? ? | | ??????# !! #?# #?# #?? ??? | | #?#??## !! ### *#?# #???? | | ??????# !! #?# *%#?# """ """ ######+# | | ##???## ### =#?# """ """ # | | ?#????########## ### """!""" # | | ??#??####???#### + *%! + | | ?????#???####T## ############# #### | | ????????## / #[ !#??##??#% #??# | | ???????#?# # !!#?#????# #### | | ??????##?# #= !!#??????#= # ## | | ??????#### """ " = #???#??# | | ????#????# """ %#[ #??#??## # ## | | ???######## """ # " ##?#####! ###? | | ???# # # T # #% ##?? | +----------------------------------------------------+ Best States ------------- Heat Dissipation 25 Energy Generation 10 Energy Capacity 125 Matter Stores 300 Matter Capacity 300 Sight Range 16 Terrain Scan Range 16 Terrain Scan Density 10 Evasion (%) 42 Item Schematics ----------------- None Robot Schematics ------------------ None Fabricated ------------ Nothing Repaired ---------- Nothing Studied --------- None Alien Tech Used ----------------- None Achievements -------------- None Challenges ------------ None Game ------ Seed ScrapMiningNanoactuators Manual? 0 Play Time 00:10:15 Cumulative 142.1 hours Start 2025.11.04 @ 03:29:13 End 2025.11.04 @ 03:36:53 Sessions 1 Manual Loads 0 Difficulty Rogue Special Mode None Game No. 143 Rogue 143 Adventurer 0 Explorer 0 Win Type - Total 1 Types 1/0/0/0/0/0/0/0/0/0 Lore% 65 Gallery% 54 Achievement% 40 Wizard Run 0 Options --------- Layout 0 ASCII 0 Keyboard 0 Movement Mouse Keybinds 0 Fullscreen 2 Font 18/X11 Map View 76x50 Zoom Use 0% Tactical HUD 1 Map Filters NONE Filters NONE Steam 1 RUN: ccb14a13-1d3f-4699-8f52-de8cc504a400